 Dungeon Crawl Stone Soup version 0.28.0-45-g0d030f2227 (webtiles) character file.

Game seed: 6606559266948068279

475 hawla the Conjurer (level 6, -3/47 HPs)
             Began as a Draconian Conjurer on Apr 18, 2022.
             Slain by an ogre
             ... wielding a +0 giant club
              (14 damage)
             ... on level 5 of the Dungeon.
             The game lasted 00:10:26 (4563 turns).

hawla the Conjurer (Draconian Conjurer)             Turns: 4563, Time: 00:10:26

Health: -3/47      AC:  7    Str: 10    XL:     6   Next: 84%
Magic:  7/11       EV: 12    Int: 20    God:
Gold:   110        SH:  0    Dex:  9    Spells: 9/12 levels left

rFire   + . .      SeeInvis .   e - +0 short sword
rCold   + . .      Faith    .   (no shield)
rNeg    . . .      Spirit   .   (armour unavailable)
rPois   .          Reflect  .   (helmet restricted)
rElec   .          Harm     .   f - scarf {rC+ rF+}
rCorr   .          Rampage  .   (no gloves)
Will    .....                   b - +0 pair of boots
Stlth   ++........              (no amulet)
HPRegen 0.15/turn               (no ring)
MPRegen 0.12/turn               (no ring)

@: hasted, very quick
A: AC +6, unfitting armour, cold-blooded
a: no special abilities


You were on level 5 of the Dungeon.
You visited 1 branch of the dungeon, and saw 5 of its levels.

You collected 110 gold pieces.

Inventory:

Hand Weapons
 e - a +0 short sword (weapon)
Armour
 b - a +0 pair of boots (worn)
 f - a scarf of resistance (worn)
Wands
 g - a wand of flame (41)
Scrolls
 n - a scroll of amnesia
 o - a scroll of fear
Potions
 a - a potion of attraction
 c - a potion of might
 d - a potion of flight
 h - 2 potions of heal wounds {unknown}
 j - 2 potions of brilliance
 k - a potion of magic {unknown}


   Skills:
 + Level 1.2 Fighting
 + Level 3.1 Dodging
 + Level 2.8 Stealth
 + Level 3.6 Spellcasting
 + Level 6.3 Conjurations


You had 9 spell levels left.
You knew the following spells:

 Your Spells              Type           Power      Damage    Failure   Level
a - Magic Dart            Conj           100%       1d8       1%          1
b - Searing Ray           Conj           58%        2d6       1%          2

Your spell library contained the following spells:

 Spells                   Type           Power      Damage    Failure   Level
 Dazzling Flash           Conj/Hex       32%        N/A       11%         3
 Summon Small Mammal      Summ           12%        N/A       14%         1
 Scorch                   Fire           6%         2d5       21%         2
 Flame Wave               Conj/Fire      16%        2d6       34%         4
 Fulminant Prism          Conj/Hex       8%         3d7       34%         4
 Iskenderun's Mystic Bla  Conj/Tloc      16%        2d5       34%         4
 Call Canine Familiar     Summ           3%         N/A       38%         3
 Summon Guardian Golem    Hex/Summ       3%         N/A       38%         3
 Summon Cactus Giant      Summ           1%         N/A       100%        6


Dungeon Overview and Level Annotations

Branches:
Dungeon (5/15)
 Temple: D:4-7

Altars:
Sif Muna
The Shining One

Annotations:
D:4 Dowan, Duvessa


Innate Abilities, Weirdness & Mutations

Your plain brown scales are hard. (AC +6)
You cannot fit into any form of body armour.
You are cold-blooded and may be slowed by cold attacks.


Message History

You hit the centaur skeleton. You punch the centaur skeleton.
The centaur skeleton is lightly damaged.
The centaur skeleton barely misses you.
The centaur skeleton kicks you but does no damage.
You hit the centaur skeleton. You tail-slap the centaur skeleton.
The centaur skeleton is moderately damaged.
The centaur skeleton hits you. The centaur skeleton barely misses you.
The centaur skeleton hits you.
The centaur skeleton closely misses you.
You hit the centaur skeleton. You tail-slap the centaur skeleton.
The centaur skeleton is heavily damaged.
The centaur skeleton hits you but does no damage.
The centaur skeleton kicks you but does no damage.
The ogre misses you.
You hit the centaur skeleton. You tail-slap the centaur skeleton.
The centaur skeleton is almost destroyed.
The centaur skeleton closely misses you.
The centaur skeleton kicks you but does no damage.
The centaur skeleton closely misses you.
The centaur skeleton kicks you but does no damage.
You hit the centaur skeleton.
You destroy the centaur skeleton!
The ogre misses you.
Casting: Searing Ray (safe; 1% risk of failure)
Confirm with . or Enter, or press ? or * to list all spells.
Aiming: Searing Ray (safe; 1% risk of failure)
Press: ? - help, Shift-Dir - straight line, f - ogre
Aim: an ogre, wielding a +0 giant club (90% to hit)
The searing ray misses the ogre. (Press . to maintain the ray.)
The ogre closely misses you.
Unknown command.
The searing ray hits the ogre!
The ogre is moderately wounded.
The ogre hits you with a +0 giant club!!
The searing ray misses the ogre.
The ogre hits you with a +0 giant club!
* * * LOW HITPOINT WARNING * * *
You feel yourself speed up. The ogre hits you with a +0 giant club!
You die...

.. ..#.
.#.### ....#
####.#.###
#........# #
#....#.#.#
#.#....#.#.#
#.....O..#.#
.####.#@###.#
............#
...##.#.#...#
.. #.#.#...#
##### . #
#.#...####
....# #....#
#.'......#
....### ....
###...##.#
......# #...
#.....#
##....# ..#
#...###


You could see an ogre.

Vanquished Creatures
  An ogre (D:5)
  A hound (D:5)
  2 jellies (D:5)
  A centaur skeleton (D:5)
  Jessica (D:2)
  Natasha (thrice) (D:2)
  Terence (D:2)
  An orc wizard (D:5)
  3 adders
  A worm (D:2)
  A dart slug (D:2)
  9 orcs
  10 ball pythons
  3 endoplasms (D:2)
  5 giant cockroaches
  6 goblins
  7 hobgoblins
  2 jackals (D:1)
  8 kobolds
  5 quokkas
  5 bats
  3 frilled lizards
  5 rats
84 creatures vanquished.

Notes
Turn   | Place    | Note
-------+----------+-------------------------------------------
     0 | D:1      | hawla the Draconian Conjurer began the quest for the Orb.
     0 | D:1      | Reached XP level 1. HP: 14/14 MP: 3/3
   413 | D:1      | Reached XP level 2. HP: 20/20 MP: 1/5
   416 | D:1      | Learned a level 2 spell: Searing Ray
  1181 | D:1      | Found a faded altar of an unknown god.
  1264 | D:2      | Noticed Natasha
  1269 | D:2      | Killed Natasha
  1270 | D:2      | Reached skill level 5 in Conjurations
  1270 | D:2      | Reached XP level 3. HP: 22/26 MP: 0/6
  1638 | D:2      | Reached XP level 4. HP: 33/33 MP: 3/7
  1660 | D:2      | Noticed Natasha
  1841 | D:2      | Killed Natasha
  1969 | D:2      | Noticed Natasha
  1974 | D:2      | Killed Natasha
  2302 | D:2      | Reached XP level 5. HP: 37/38 MP: 8/8
  2333 | D:2      | Noticed Jessica
  2338 | D:2      | Killed Jessica
  2600 | D:2      | Found a shimmering blue altar of Sif Muna.
  2665 | D:2      | Noticed Terence
  2757 | D:2      | Killed Terence
  3059 | D:2      | Reached skill level 6 in Conjurations
  3674 | D:3      | Found a glowing golden altar of the Shining One.
  4150 | D:4      | Noticed Dowan
  4150 | D:4      | Noticed Duvessa
  4161 | D:5      | Entered Level 5 of the Dungeon
  4171 | D:5      | Noticed an ogre
  4223 | D:5      | Reached XP level 6. HP: 25/46 MP: 2/10
  4303 | D:5      | Noticed a yak
  4331 | D:5      | Reached skill level 1 in Fighting
  4331 | D:5      | Noticed a yak
  4333 | D:5      | Noticed a yak
  4333 | D:5      | Noticed a yak
  4333 | D:5      | Noticed a yak
  4333 | D:5      | Noticed a yak
  4563 | D:5      | Slain by an ogre

Illustrated notes

Levels and vault maps discovered:
D:1:      lemuel_arrival_broad_hall, layout_loops_ring,
          shapermc_ecumenical_altar_hornbeckon
D:2:      layout_loops_corners, basic_altar, solitary_fountain,
          minmay_fractal_squares_5, uniq_natasha, uniq_jessica, uniq_terence
D:3:      layout_rooms, tso_oasis_becter
D:4:      layout_gridville, temple_statues, kennysheep_small_circle,
          uniq_duvessa
D:5:      layout_basic, gammafunk_temple_overflow_wave, uniq_sigmund,
          uniq_eustachio

Skill      XL: |  1  2  3  4  5  6 |
---------------+-------------------+-----
Dodging        | 2 3 |  3.1
Conjurations   | 5 6 |  6.3
Stealth        | 2 |  2.8
Spellcasting   | 3 |  3.6
Fighting       | 1 |  1.2

Action                   |  1- 3 |  4- 6 || total
-------------------------+-------+-------++-------
Melee: Unarmed           |    17 |       ||    17
       Tailslap          |     2 |     9 ||    11
       Short sword       |     9 |    55 ||    64
       Punch             |       |     1 ||     1
 Cast: Magic Dart        |    20 |    21 ||    41
       Searing Ray       |    11 |    40 ||    51
  Use: Scroll            |     2 |     7 ||     9
       Potion            |       |     1 ||     1
 Stab: Sleeping          |       |     3 ||     3
Armor: Skin              |    19 |    34 ||    53
Dodge: Dodged            |    35 |    60 ||    95
